 Dungeon Crawl Stone Soup version 0.16.1-5-gaa23807 (webtiles) character file.

104 PaulMcIcedTea the Grave Robber (level 5, -2/35 HPs)
             Began as a Human Necromancer on Mar 28, 2015.
             Slain by a gnoll
             ... wielding a +0 flail
              (12 damage)
             ... on level 4 of the Dungeon.
             The game lasted 00:27:25 (3268 turns).

PaulMcIcedTea the Grave Robber (Human Necromancer)  Turns: 3268, Time: 00:27:27

Health: -2/35      AC:  3    Str:  8    XL:     5   Next: 7%
Magic:  11/11      EV: 12    Int: 16    God:
Gold:   96         SH:  0    Dex: 14    Spells: 2 memorised, 8 levels left

rFire  . . .     SeeInvis .     h - +1 dagger (freeze)
rCold  . . .     Clarity  .     n - +0 leather armour (curse)
rNeg   . . .     SustAb   .     (no shield)
rPois  .         Gourm    .     (no helmet)
rElec  .         Spirit   .     (no cloak)
rCorr  .         Warding  .     (no gloves)
rMut   .         Stasis   .     (no boots)
MR     .....                    m - amulet of regeneration
Stlth  ++........               (no ring)
                                (no ring)

@: not resistant to hostile enchantments, unstealthy
A: no striking features
a: no special abilities


You were on level 4 of the Dungeon.
You were not hungry.

You visited 1 branch of the dungeon, and saw 3 of its levels.

You collected 96 gold pieces.

Inventory:

Hand weapons
 h - a +1 dagger of freezing (weapon)
 i - a +0 dagger
 k - a +0 hunting sling
Missiles
 d - 5 needles of confusion
 e - 24 stones (quivered)
 j - 13 sling bullets of flame
Armour
 a - a +0 robe
 l - a +0 leather armour
 n - a cursed +0 leather armour (worn)
Jewellery
 m - an amulet of regeneration (around neck)
Scrolls
 f - a scroll of noise {unknown}
 o - a scroll of identify {unknown}
 p - 2 scrolls of enchant armour {unknown}
Potions
 c - a potion of heal wounds
 g - 3 potions of agility
Books
 b - a book of Necromancy

   Spells                             Type                      Level
   a - Pain                           Necromancy                   1
   b - Animate Skeleton               Necromancy                   1
   c - Vampiric Draining              Necromancy                   3
   d - Regeneration                   Charms/Necromancy            3
   e - Animate Dead                   Necromancy                   4
   f - Control Undead                 Necromancy                   4


   Skills:
 + Level 2.2 Dodging
 * Level 2.6 Stealth
 + Level 3.1 Spellcasting
 + Level 4.9 Necromancy


You had 8 spell levels left.
You knew the following spells:

 Your Spells              Type           Power        Failure   Level  Hunger
a - Pain                  Necr           ###.         4%          1    None
b - Animate Skeleton      Necr           N/A          4%          1    None


Dungeon Overview and Level Annotations

Branches:
Dungeon (4/15)
 Temple: D:4-7

Altars:


Message History

The adder skeleton bites you but does no damage.
The giant cockroach closely misses you.
You closely miss the giant cockroach.
The giant cockroach is heavily wounded.
The hobgoblin hits you but does no damage.
The hobgoblin barely misses you.
The adder skeleton bites you but does no damage.
The giant cockroach closely misses you.
You hit the giant cockroach. You freeze the giant cockroach.
You kill the giant cockroach!
The hobgoblin hits you. The adder skeleton bites you.
The hobgoblin barely misses you.
You hit the gnoll. You freeze the gnoll.
The gnoll is moderately wounded.
The kobold barely misses you.
The adder skeleton completely misses you.
The hobgoblin hits you. x2
* * * LOW HITPOINT WARNING * * *
The gnoll hits you with a flail!
You die...

#.# ..# #.# ##.##
#...# #...# #...#
#####...#####
###...K@g.....###
.......Zgg........
###....KK.....##.
#####...#####
#K..# #...# #g..#
##g## #######.#


You could see a big kobold, 2 gnolls, 3 hobgoblins, 3 kobolds and an adder
skeleton.

Vanquished Creatures
  Jessica (D:2)
  A gnoll (D:1)
  3 worms (D:2)
  An ooze (D:1)
  8 bats
  11 goblins
  3 hobgoblins
  3 jackals (D:1)
  14 kobolds
  2 giant cockroaches
  A giant newt (D:1)
  5 rats
  A fungus (D:1)
54 creatures vanquished.

Vanquished Creatures (collateral kills)
  A ball python (D:2)
  A hobgoblin (D:1)
  A jackal (D:1)
  2 kobolds
  A rat (D:1)
6 creatures vanquished.

Vanquished Creatures (others)
  3 bat skeletons
  A gnoll skeleton (D:1)
  A ball python skeleton (D:2)
  3 goblin skeletons
  A hobgoblin skeleton (D:1)
  2 jackal skeletons (D:1)
  3 kobold skeletons (D:4)
  2 rat skeletons (D:1)
16 creatures vanquished.

Grand Total: 76 creatures vanquished

Notes
Turn   | Place    | Note
--------------------------------------------------------------
     0 | D:1      | PaulMcIcedTea, the Human Necromancer, began the quest for the Orb.
     0 | D:1      | Reached XP level 1. HP: 13/13 MP: 3/3
   118 | D:1      | Learned a level 1 spell: Animate Skeleton
   459 | D:1      | Reached XP level 2. HP: 17/19 MP: 0/4
   562 | D:1      | Reached XP level 3. HP: 15/24 MP: 0/6
  2206 | D:2      | Reached XP level 4. HP: 28/30 MP: 0/8
  2879 | D:2      | Noticed Jessica
  2895 | D:2      | Killed Jessica
  2973 | D:2      | You fall through a shaft!
  3064 | D:4      | Reached XP level 5. HP: 35/35 MP: 9/11
  3193 | D:4      | Noticed a big kobold
  3268 | D:4      | Slain by a gnoll

Action                   |  1- 3 |  4- 6 || total
-------------------------+-------+-------++-------
Melee: Unarmed           |    88 |       ||    88
       Dagger            |    24 |    16 ||    40
 Cast: Pain              |    65 |    48 ||   113
       Animate Skeleton  |    13 |     5 ||    18
  Use: Potion            |     2 |     1 ||     3
       Scroll            |     1 |       ||     1
  Eat: Chunk             |     1 |     3 ||     4
       Bread ration      |     1 |       ||     1
       Beef jerky        |       |     1 ||     1
